 Dungeon Crawl Stone Soup version 0.28.0-45-g0d030f2227 (webtiles) character file.

Game seed: 3674734066385194502

89 issech the Cudgeller (level 4, -4/44 HPs)
             Began as a Troll Monk on Apr 7, 2022.
             Blown up by Ijyb (18 damage)
             ... with a mindburst bolt
             ... on level 3 of the Dungeon.
             The game lasted 00:05:37 (2060 turns).

issech the Cudgeller (Troll Monk)                   Turns: 2060, Time: 00:05:38

Health: -4/44      AC:  4    Str: 19    XL:     4   Next: 31%
Magic:  3/3        EV: 10    Int:  6    God:
Gold:   80         SH:  0    Dex: 14    Spells: 3/3 levels left

rFire   + . .      SeeInvis .   k - +2 falchion (holy)
rCold   x . .      Faith    .   (no shield)
rNeg    . . .      Spirit   .   b - +0 robe
rPois   .          Reflect  .   (helmet restricted)
rElec   .          Harm     .   (no cloak)
rCorr   .          Rampage  .   (gloves unavailable)
Will    .....                   (boots unavailable)
Stlth   ++........              p - amulet of regeneration
HPRegen 1.74/turn               s - ring of fire
MPRegen 0.08/turn               (no ring)

@: no status effects
A: large, unfitting armour, claws 3, regeneration 1, shaggy fur 1, tough skin 1
a: no special abilities


You were on level 3 of the Dungeon.
You visited 1 branch of the dungeon, and saw 3 of its levels.

You collected 80 gold pieces.

Inventory:

Hand Weapons
 a - a +0 mace
 i - a +0 war axe
 k - a +2 falchion of holy wrath (weapon)
 r - a +2 dagger of pain
Missiles
 c - 123 stones (quivered)
 h - 22 arrows
 o - 3 poisoned darts
Armour
 b - a +0 robe (worn)
 l - an orb of wrath
Jewellery
 p - an amulet of regeneration (around neck)
 s - a ring of fire (left claw)
Scrolls
 d - 3 scrolls of noise {unknown}
 f - a scroll of immolation {unknown}
 g - 3 scrolls of teleportation {unknown}
 m - a scroll of enchant armour {unknown}
 n - a scroll of blinking {unknown}
 t - a scroll of fear {unknown}
Potions
 e - a potion of mutation {unknown}
 j - a potion of haste {unknown}
 q - a potion of attraction {unknown}
 u - a potion of curing {unknown}


   Skills:
 + Level 2.8 Fighting
 + Level 0.3 Long Blades
 + Level 1.0(2.1) Axes
 + Level 3.2(3.3) Maces & Flails
 + Level 0.8 Throwing
 + Level 3.0 Dodging
 + Level 1.1 Stealth


You had 3 spell levels left.
You didn't know any spells.
Your spell library contained the following spells:

 Spells                   Type           Power      Damage    Failure   Level
 Animate Skeleton         Necr           0%         N/A       45%         1
 Freeze                   Ice            0%         1d3       45%         1
 Frozen Ramparts          Ice            0%         1d2       83%         3
 Airstrike                Air            0%         N/A       99%         4
 Hailstorm                Conj/Ice       0%         3d3       99%         4
 Agony                    Necr           0%         N/A       100%        5


Dungeon Overview and Level Annotations

Branches:
Dungeon (3/15)

Altars:
Fedhas

Annotations:
D:3 Ijyb


Innate Abilities, Weirdness & Mutations

You are too large for most types of armour.
You have claws for hands.
Your natural rate of healing is unusually fast.
You are covered in fur. (AC +1)
You have tough skin. (AC +1)


Message History

You kill the goblin!
The ball python barely misses you.
You closely miss the ball python. The ball python barely misses you.
The ball python bites you but does no damage.
You slash the ball python!
You kill the ball python!
You now have 73 gold pieces (gained 7).
Things that are here:
a +0 club; a +0 robe; a hobgoblin corpse The hobgoblin shouts!
The hobgoblin closely misses you.
You barely miss the hobgoblin. The hobgoblin hits you.
You hit the hobgoblin.
The hobgoblin is moderately wounded.
The hobgoblin closely misses you.
You slash the hobgoblin!
You kill the hobgoblin!
You now have 80 gold pieces (gained 7).
Found a stone staircase leading down.
Ijyb the Twisted Goblin comes into view.
She is wielding a +0 club and carrying a wand of mindburst (13).
You see here a stone.
c - 125 stones (gained 1)
You throw a stone. The stone closely misses Ijyb.
You throw a stone. The stone hits Ijyb but does no damage.
You closely miss Ijyb. Ijyb hits you with a +0 club.
You hit Ijyb.
Ijyb is lightly wounded.
Ijyb hits you but does no damage.
You hit Ijyb.
Ijyb is moderately wounded.
Ijyb zaps a wand.
Your mind is blasted!
Ijyb closely misses you.
You closely miss Ijyb.
Ijyb is moderately wounded.
Ijyb zaps a wand.
Your mind is blasted!
Ouch! That really hurt!
* * * LOW HITPOINT WARNING * * *
You slash Ijyb!
Ijyb is severely wounded.
Ijyb zaps a wand.
Your mind is blasted!
You die...

.(##. ...###.
>.......####.......
....................
.#..........:........
..#..................
#.#........8.......8
#.#.......g........
#.#.....8.@.......
#.#.............. ##
#.#....8.......8
.#########.#†..#..#.#..#
..##......#.######...###
...#######.#...#..#.#..
##..# ##.#.............
....# ##.#..............
.##.###.#)..........


You could see Ijyb.

Vanquished Creatures
  2 adders
  2 worms (D:2)
  A dart slug (D:1)
  2 orcs (D:3)
  10 ball pythons
  5 endoplasms
  3 giant cockroaches
  7 goblins
  8 hobgoblins
  2 jackals (D:2)
  A kobold (D:2)
  3 quokkas
  3 bats
  A frilled lizard (D:1)
  5 rats
55 creatures vanquished.

Notes
Turn   | Place    | Note
-------+----------+-------------------------------------------
     0 | D:1      | issech the Troll Monk began the quest for the Orb.
     0 | D:1      | Reached XP level 1. HP: 22/22 MP: 0/0
   209 | D:1      | Reached XP level 2. HP: 29/29 MP: 1/1
   524 | D:1      | Found a faded altar of an unknown god.
   524 | D:1      | Noticed a Brimstone Fiend
  1001 | D:2      | Reached XP level 3. HP: 22/36 MP: 2/2
  1412 | D:2      | Got the Grimoire of Feathers and Unholy Magic
  1823 | D:3      | Found a blossoming altar of Fedhas.
  1862 | D:3      | Reached XP level 4. HP: 44/44 MP: 3/3
  1989 | D:3      | Reached skill level 1 in Axes
  2051 | D:3      | Noticed Ijyb
  2060 | D:3      | Blown up by Ijyb

Illustrated notes

Levels and vault maps discovered:
D:1:      evilmike_arrival_rings, layout_rooms, serial_forest,
          infiniplex_forest_lined_2, infiniplex_forest_lined_ring,
          infiniplex_forest_side_room, infiniplex_forest_clump_small,
          infiniplex_forest_lined_2, infiniplex_forest_straight_4,
          dreamdust_ecumenical_altar_sealed_demon,
          corexii_item_surrounded_by_moat
D:2:      layout_loops_cross, nrook_mini_backslash, minmay_tromino_v2
D:3:      wad_pebble_path, layout_rooms, lemuel_doored_altar, serial_glass,
          glass_columns_c, glass_columns_a, uniq_ijyb

Skill      XL: |  1  2  3  4 |
---------------+-------------+-----
Maces & Flails | 3 |  3.2
Dodging        | 3 |  3.0
Axes           | 1 |  1.0
Fighting       | |  2.8
Long Blades    | |  0.3
Throwing       | |  0.8
Stealth        | |  1.1

Action                   |  1- 3 |  4- 6 || total
-------------------------+-------+-------++-------
Melee: Mace              |    21 |       ||    21
       War axe           |    52 |       ||    52
       Falchion          |    50 |    53 ||   103
Throw: Stone             |    21 |     4 ||    25
 Stab: Sleeping          |     1 |       ||     1
Armor: Robe              |    66 |    20 ||    86
Dodge: Dodged            |    97 |    35 ||   132
